 Dungeon Crawl Stone Soup version 0.17-a0-1485-g22cb0ee (webtiles) character file.

1354 abixa the Grappler (level 8, -3/75 HPs)
             Began as a Troll Monk on July 5, 2015.
             Slain by an orc wizard
             ... wielding a +0 dagger
              (4 damage)
             ... on level 5 of the Dungeon.
             The game lasted 00:10:20 (4618 turns).

abixa the Grappler (Troll Monk)                     Turns: 4618, Time: 00:10:21

Health: -3/75      AC:  1    Str: 20    XL:     8   Next: 37%
Magic:  7/7        EV: 10    Int:  6    God:
Gold:   262        SH:  0    Dex: 14    Spells: 0 memorised, 7 levels left

rFire  . . .     SeeInvis .       - Unarmed
rCold  . . .     Clarity  .     a - +0 robe
rNeg   . . .     SustAt   .     (no shield)
rPois  .         Gourm    +     (helmet restricted)
rElec  .         Spirit   .     (no cloak)
rCorr  .         Warding  .     (gloves unavailable)
rMut   .         Stasis   .     (boots unavailable)
MR     .....                    (no amulet)
Stlth  ++........               (no ring)
                                (no ring)

@: corroded equipment, not resistant to hostile enchantments, unstealthy
A: unfitting armour, claws 3, fast metabolism 3, gourmand, regeneration 2,
shaggy fur 1, tough skin 2
a: no special abilities


You were on level 5 of the Dungeon.
You were very full.

You visited 1 branch of the dungeon, and saw 6 of its levels.

You collected 262 gold pieces.

Inventory:

Hand weapons
 b - a +0 blowgun
 t - a +1 whip of venom
 G - the +8 glaive "Pah Iheo" {chop, rElec Str+3 Stlth-, unknown}
   (You found it on level 4 of the Dungeon)

   It inflicts extra damage upon your enemies.
   It affects your strength (+3).
   It insulates you from electricity.
   It makes you less stealthy.
Missiles
 c - 138 stones (quivered)
 g - 10 arrows of flame
 h - 53 arrows
 n - 19 arrows of dispersal
 p - 56 poisoned needles
 z - 77 bolts
 C - 8 sling bullets
Armour
 a - a +0 robe (worn)
Jewellery
 y - an uncursed amulet of resist corrosion {unknown}
Magical devices
 E - a wand of frost (24)
Scrolls
 d - 3 scrolls of recharging {unknown}
 i - 10 scrolls of identify {unknown}
 k - a scroll of amnesia {unknown}
 l - a scroll of magic mapping {unknown}
 o - 2 scrolls of teleportation {unknown}
 r - 5 scrolls of remove curse {unknown}
 u - a scroll of enchant armour {unknown}
 A - 2 scrolls of fog {unknown}
Potions
 e - a potion of agility {unknown}
 j - a potion of ambrosia {unknown}
 m - a potion of curing {unknown}
 s - a potion of flight {unknown}
 v - 2 potions of might {unknown}
 w - 2 potions of heal wounds {unknown}
 x - a potion of lignification {unknown}
 B - 3 potions of poison {unknown}
 D - a potion of berserk rage {unknown}
Comestibles
 f - 2 meat rations
 q - 5 bread rations
 F - 2 chunks of flesh


   Skills:
 + Level 3.3 Fighting
 - Level 2.4 Dodging
 - Level 1.1 Stealth
 + Level 10.6 Unarmed Combat


You had 7 spell levels left.
You didn't know any spells.

Dungeon Overview and Level Annotations

Branches:
Dungeon (6/15)
 Temple: D:4-7

Altars:
Cheibriados
Elyvilon
Fedhas
Gozag
Kikubaaqudgha
Makhleb
Vehumet

Annotations:
D:1 fly/dig for scroll and gold


Innate Abilities, Weirdness & Mutations

You are too large for most types of armour.
You have claws for hands.
Your metabolism is lightning-fast.
You like to eat raw meat.
You heal very quickly.
You are covered in fur (AC +1).
You have very tough skin (AC +2).


Message History

* * * LOW HITPOINT WARNING * * *
The orc hits you with a flail.
* * * LOW HITPOINT WARNING * * *
Something hits you.
* * * LOW HITPOINT WARNING * * *
The hobgoblin hits you.
* * * LOW HITPOINT WARNING * * *
You climb upwards.
There is a stone staircase leading down here.
You claw the jelly!
Your claws burn!
* * * LOW HITPOINT WARNING * * *
The jelly is severely wounded.
The bat barely misses you. The orc hits you with a club.
* * * LOW HITPOINT WARNING * * *
The jelly hits you.
* * * LOW HITPOINT WARNING * * *
You are splashed with acid!
The acid burns!
* * * LOW HITPOINT WARNING * * *
Something hits you.
You die...

.......## ####.....##
......## ####)..##
...>### #...<.# ...##
##....# ..## ####
##..## ### ##### ##..##
#..## ## ###...#
#....## ##..#
.####....## ##.o.b.#
##.# .##......#
##..@g..# #.##
.........# ##..oJ...#
#..## ........##
#......).# ###...###
........#
##........####...#...##
.......##
#.........##...#####..#
.......#
##.........#..### ####
......##
#............## ###.###
##>.........### #.##
#.........###


You could see a jelly, 2 orcs, a hobgoblin and a bat.

Vanquished Creatures
  Prince Ribbit (D:4)
  Sigmund (D:2)
  The ghost of Duffy the Insei, an average SpTm (D:6)
  Eustachio (D:5)
  A phantom (D:5)
  An ogre (D:5)
  A centaur (D:3)
  The ghost of abixa the Ruffian, a weakling TrMo (D:3)
  A scorpion (D:4)
  2 orc priests (D:3)
  4 worker ants (D:5)
  2 iguanas
  7 adders
  2 oozes (D:1)
  3 worms
  5 orcs
  8 hobgoblins
  13 kobolds
  2 quokkas
  12 bats
  4 giant cockroaches
  4 giant newts
  12 goblins
  8 jackals
  7 rats
104 creatures vanquished.

Notes
Turn   | Place    | Note
--------------------------------------------------------------
     0 | D:1      | abixa the Troll Monk began the quest for the Orb.
     0 | D:1      | Reached XP level 1. HP: 22/22 MP: 0/0
    69 | D:1      | Reached XP level 2. HP: 26/29 MP: 1/1
   703 | D:2      | Reached skill level 5 in Unarmed Combat
   703 | D:2      | Reached XP level 3. HP: 36/36 MP: 2/2
   877 | D:2      | Noticed Sigmund
   912 | D:2      | HP: 1/36 [something/magic dart (1)]
  1282 | D:2      | Killed Sigmund
  1282 | D:2      | Reached skill level 7 in Unarmed Combat
  1282 | D:2      | Reached XP level 4. HP: 15/44 MP: 3/3
  1282 | D:2      | Reached XP level 5. HP: 17/50 MP: 4/4
  1481 | D:3      | Noticed abixa's ghost (weakling TrMo)
  1573 | D:3      | Noticed a centaur
  1582 | D:3      | Killed a centaur
  1582 | D:3      | Reached XP level 6. HP: 46/59 MP: 5/5
  1609 | D:3      | Found a snail-covered altar of Cheibriados.
  1615 | D:3      | Found an opulent altar of Gozag.
  1617 | D:3      | Found a burning altar of Makhleb.
  1618 | D:3      | Found a radiant altar of Vehumet.
  1798 | D:3      | Found a white marble altar of Elyvilon.
  1921 | D:3      | Reached skill level 8 in Unarmed Combat
  1996 | D:3      | Killed abixa's ghost
  2451 | D:4      | Reached XP level 7. HP: 66/66 MP: 6/6
  3214 | D:4      | Got a dazzling glaive
  3553 | D:5      | Entered Level 5 of the Dungeon
  3711 | D:5      | Found a blossoming altar of Fedhas.
  3712 | D:5      | Found an ancient bone altar of Kikubaaqudgha.
  3860 | D:5      | Noticed Prince Ribbit
  3860 | D:5      | Noticed Eustachio
  3874 | D:4      | Killed Prince Ribbit
  3874 | D:4      | Reached skill level 9 in Unarmed Combat
  3974 | D:5      | Killed Eustachio
  3974 | D:5      | Reached skill level 10 in Unarmed Combat
  4173 | D:5      | Reached XP level 8. HP: 70/74 MP: 7/7
  4550 | D:6      | Noticed a gargoyle
  4599 | D:6      | Noticed Duffy's ghost (average SpTm)
  4615 | D:6      | Killed Duffy's ghost
  4618 | D:5      | HP: 1/75 [acid (7)]
  4618 | D:5      | Slain by an orc wizard

Vault maps used:
D:1:      erik_arrival_gehennom, minmay_misc_feat_tower, nrook_mini_vaults
D:2:      uniq_sigmund
D:3:      old_standard_altar, minitemple
D:5:      grunt_temple_overflow_growth_and_decay, first_bread, abandoned_shop,
          uniq_prince_ribbit1, uniq_eustachio

Action                   |  1- 3 |  4- 6 |  7- 9 || total
-------------------------+-------+-------+-------++-------
Melee: Unarmed           |   101 |    78 |   110 ||   289
 Fire: Blowgun           |       |     1 |     5 ||     6
Throw: Stone             |     1 |       |       ||     1
 Stab: Sleeping          |     3 |     1 |     2 ||     6
  Eat: Chunk             |    17 |    10 |    20 ||    47
